 Dungeon Crawl Stone Soup version 0.30-b1-2-g02819fbbbe (webtiles) character file.

Game seed: 7416442745022282163

6413 nightchill the Cleaver (level 10, -2/94 HPs)
             Began as a Minotaur Fighter on Sept 4, 2023.
             Was a Follower of Uskayaw.
             Slain by a death yak (16 damage)
             ... on level 7 of the Dungeon.
             The game lasted 00:15:43 (7031 turns).

nightchill the Cleaver (Minotaur Fighter)           Turns: 7031, Time: 00:15:43

Health: -2/94      AC: 12    Str: 26    XL:     10   Next: 66%
Magic:  14/14      EV: 13    Int:  8    God:    Uskayaw [*.....]
Gold:   452        SH:  4    Dex:  9    Spells: 9/9 levels left

rFire   . . .        J - +0 war axe (flame)
rCold   . . .        c - +0 buckler
rNeg    . . .        z - +0 chain mail
rPois   .            (helmet restricted)
rElec   .            C - +0 cloak
rCorr   .            n - +0 pair of gloves
SInv    .            f - +0 pair of boots
Will    .....        (no amulet) Stlth
                     q - +5 ring of evasion
HPRegen 0.35/turn    u - ring of the Little Devil {Fly Int+3}
MPRegen 0.14/turn

%: no passive effects
@: flying
A: horns 2, retaliatory headbutt
a: Renounce Religion, Stomp


You were on level 7 of the Dungeon.
You worshipped Uskayaw.
Uskayaw was noncommittal.
You visited 1 branch of the dungeon, and saw 8 of its levels.
You also visited: Sewer.

You collected 452 gold pieces.

Inventory:

Hand Weapons
 a - a +0 war axe
 j - a +0 antimagic short sword
 l - a +2 dagger of venom
 J - a +0 war axe of flaming (weapon)
Missiles
 H - a curare-tipped dart (quivered)
 I - 20 poisoned darts
Armour
 b - a +0 scale mail
 c - a +0 buckler (worn)
 f - a +0 pair of boots (worn)
 n - a +0 pair of gloves (worn)
 z - a +0 chain mail (worn)
 A - a +0 tower shield
 C - a +0 cloak (worn)
Jewellery
 o - a ring of positive energy
 q - a +5 ring of evasion (left hand)
 u - the ring of the Little Devil (right hand) {Fly Int+3}
   (You took it off a goblin on level 2 of the Dungeon)

   [ring of flight]

   Int:       It affects your intelligence (+3).
   Fly:       It grants you flight.
 B - a ring of see invisible
 O - a ring of magical power
Wands
 L - a wand of charming (4)
 M - a wand of roots (6)
Scrolls
 g - 3 scrolls of enchant armour {unknown}
 k - 3 scrolls of fog {unknown}
 t - a scroll of silence {unknown}
 w - 2 scrolls of butterflies {unknown}
 y - 2 scrolls of amnesia {unknown}
 D - a scroll of blinking {unknown}
 E - a scroll of immolation {unknown}
 F - a scroll of fear {unknown}
 G - a scroll of magic mapping {unknown}
 K - 4 scrolls of identify
 N - 3 scrolls of noise {unknown}
 P - 3 scrolls of vulnerability {unknown}
 R - a scroll of enchant weapon {unknown}
Potions
 d - 3 potions of might
 e - 3 potions of resistance
 h - a potion of attraction
 i - 5 potions of mutation
 m - 2 potions of curing
 p - 6 potions of brilliance
 r - 5 potions of haste
 s - 2 potions of invisibility
 v - 3 potions of cancellation
 x - a potion of magic
 Q - 2 potions of ambrosia {unknown}
 S - 2 potions of heal wounds {unknown}


   Skills:
 + Level 10.5 Fighting
 * Level 14.0 Axes
 - Level 3.6 Armour
 - Level 3.6 Shields
 + Level 7.6 Invocations


You had 9 spell levels left.
You didn't know any spells.
Your spell library contained the following spells:

 Spells                   Type           Power      Damage    Failure   Level
 Call Canine Familiar     Summ           0%         N/A       100%        3
 Portal Projectile        Hex/Tloc       0%         N/A       100%        3
 Vhi's Electric Charge    Tloc/Air       0%         N/A       100%        3
 Leda's Liquefaction      Hex/Erth       0%         N/A       100%        4
 Arcjolt                  Conj/Air       0%         1d10      100%        5
 Plasma Beam              Fire/Air       0%         2x1d11    100%        6


Dungeon Overview and Level Annotations

Branches:
Dungeon (8/15)             Temple (0/1) D:5            Lair (0/5) D:8
  Sewer (visited)

Altars:
Ashenzari
Hepliaklqana
Nemelex Xobeh
Uskayaw
Xom
Yredelemnul

Shops:
D:4 *

Annotations:
D:7 3 runed translucent doors, exclusion: 2 downstairs, LLlMATKO's ghost, novice MiBe


Innate Abilities, Weirdness & Mutations

You have a pair of horns on your head.
You reflexively headbutt those who attack you in melee.


Message History

You slash the death yak! You burn the death yak. You headbutt the death yak.
The death yak is almost dead.
You hear a bellow!
Uskayaw will force your foes to helplessly watch your dance.
Uskayaw prepares the audience for your solo!
The helpless death yak fails to defend itself.
You slash the death yak! You burn the death yak.
You kill the death yak!
The death yak is no longer paralysed. x3
Your Axes skill increases to level 14!
The death yak attacks as you move away! The death yak gores you!
The death yak attacks as you move away!
The death yak gores you but does no damage.
Uskayaw prepares the audience for your solo!
The death yak is no longer paralysed. x2
The death yak snorts and paws the ground.
The death yak snorts and paws the ground.
The death yak attacks as you move away! The death yak gores you.
The death yak attacks as you move away!
The death yak gores you but does no damage.
The death yak snorts and paws the ground.
The death yak attacks as you move away! The death yak gores you!!
* * * LOW HITPOINT WARNING * * *
The death yak attacks as you move away! The death yak gores you.
* * * LOW HITPOINT WARNING * * *
You can no longer pass through a line of other dancers.
The death yak attacks as you move away! The death yak barely misses you.
The death yak attacks as you move away!
The death yak gores you but does no damage.
The shadow imp shouts, "Leave, thou frothy flat-headed tiddler!"
There is an escape hatch in the ceiling here.
Really go through this one-way escape hatch?
The death yak gores you!
* * * LOW HITPOINT WARNING * * *
A mysterious force pulls you upwards. The hatch slams shut behind you.
Level annotation: 3 runed translucent doors, exclusion: 2 downstairs, LLlMATKO's ghost, novice MiBe You block the death yak's attack.
The death yak attacks as you move away! The death yak barely misses you.
You hit the death yak but do no damage. The death yak gores you!
You die...

##### #..<# ##
#.###### .#
#####.#.@..# .#
#...#.#Y##.#
.########.#.#.#Y##.#
.........>#.#...##.#
.########.#....###.#
...# #.####.#...#
...# #.# #.##.###
...# #.# #.##...#
...# #.# #.##.###


You could see 2 death yaks.

Vanquished Creatures
  2 death yaks
  A deep elf pyromancer (D:6)
  A troll (D:6)
  5 yaks (D:7)
  A steam dragon (D:8)
  An acid dragon (D:5)
  2 water moccasins (D:8)
  An orc warrior (D:8)
  An ice beast (D:7)
  2 sky beasts
  4 black bears
  An ogre (D:7)
  A centaur (D:7)
  4 phantoms
  3 kobold brigands (Sewer)
  Blork the orc (D:6)
  3 bullfrogs
  9 scorpions
  4 killer bees (D:7)
  4 orc priests
  4 jellies
  5 hounds
  2 sleepcaps
  A gnoll bouda (D:6)
  Ijyb (D:5)
  4 iguanas
  6 orc wizards
  8 gnolls (D:6)
  4 river rats (Sewer)
  9 adders
  2 shadow imps
  2 white imps (D:6)
  2 ufetubi (D:5)
  5 worms
  4 dart slugs
  23 orcs
  8 bats
  9 endoplasms
  4 giant cockroaches
  8 goblins
  8 hobgoblins
  14 kobolds
  5 quokkas
  11 ball pythons
  4 frilled lizards
  9 rats
213 creatures vanquished.

Vanquished Creatures (others)
  A black bear (D:8)
  A centaur (D:8)
  A kobold brigand (D:8)
  A killer bee (D:8)
  An orc (D:8)
  5 fungi (D:5)
  A plant (D:5)
11 creatures vanquished.

Grand Total: 224 creatures vanquished

Notes
Turn   | Place    | Note
-------+----------+-------------------------------------------
     0 | D:1      | nightchill the Minotaur Fighter began the quest for the
                  | Orb.
     0 | D:1      | Reached XP level 1. HP: 19/19 MP: 0/0
   102 | D:1      | Reached skill level 3 in Axes
   112 | D:1      | Reached XP level 2. HP: 25/27 MP: 1/1
   735 | D:2      | Reached XP level 3. HP: 31/33 MP: 2/2
   826 | D:2      | Reached skill level 4 in Axes
   919 | D:2      | Identified the ring of the Little Devil {Fly Int+3}
  1187 | D:3      | Noticed a phantom
  1198 | D:3      | Killed a phantom
  1199 | D:3      | Reached skill level 5 in Axes
  1199 | D:3      | Reached XP level 4. HP: 38/41 MP: 3/3
  1330 | D:3      | Reached XP level 5. HP: 47/47 MP: 4/4
  1340 | D:3      | Reached skill level 5 in Fighting
  1663 | D:3      | Noticed a +0 hand axe
  1669 | D:3      | Reached skill level 6 in Axes
  1696 | D:3      | Noticed a +3 dagger
  1701 | D:3      | Found a hide-covered altar of Uskayaw.
  1725 | D:3      | Became a worshipper of Uskayaw the Reveller
  1949 | D:3      | Reached * piety under Uskayaw
  2053 | D:3      | Reached ** piety under Uskayaw
  2324 | D:4      | Found Heof's Assorted Antiques.
  2368 | D:4      | Noticed a phantom
  2379 | D:4      | Reached *** piety under Uskayaw
  2380 | D:4      | Killed a phantom
  2381 | D:4      | Reached XP level 6. HP: 56/56 MP: 5/5
  2403 | D:4      | Reached skill level 1 in Invocations
  2589 | D:4      | Found a glowing drain.
  2603 | Sewer    | Entered a sewer
  2622 | Sewer    | Reached **** piety under Uskayaw
  2627 | Sewer    | Reached ***** piety under Uskayaw
  2788 | Sewer    | Reached skill level 7 in Axes
  3016 | Sewer    | Reached XP level 7. HP: 51/63 MP: 7/7
  3630 | D:5      | Entered Level 5 of the Dungeon
  3754 | D:4      | Reached skill level 8 in Axes
  3860 | D:5      | Noticed Ijyb
  3869 | D:5      | Reached XP level 8. HP: 57/71 MP: 9/9
  3869 | D:5      | Reached ****** piety under Uskayaw
  3879 | D:5      | Killed Ijyb
  3880 | D:5      | Reached skill level 9 in Axes
  4023 | D:5      | Found a sparkling altar of Nemelex Xobeh.
  4075 | D:5      | Found a staircase to the Ecumenical Temple.
  4415 | D:5      | Found a broken altar of Ashenzari.
  4425 | D:5      | Found a basalt altar of Yredelemnul.
  4503 | D:5      | Reached skill level 10 in Axes
  4507 | D:5      | Found the +11 Singing Sword {sonic wave}
  4761 | D:6      | Noticed a troll
  4770 | D:6      | Killed a troll
  4771 | D:6      | Reached skill level 5 in Invocations
  4771 | D:6      | Reached XP level 9. HP: 62/81 MP: 11/11
  4861 | D:6      | You are sucked into a shaft and drop 2 floors!
  4862 | D:8      | Found a hazy altar of Hepliaklqana.
  4891 | D:8      | Reached skill level 11 in Axes
  5343 | D:6      | Noticed a deep elf pyromancer
  5351 | D:6      | Killed a deep elf pyromancer
  5352 | D:6      | Reached skill level 12 in Axes
  5517 | D:6      | Noticed Blork the orc
  5523 | D:6      | Killed Blork the orc
  5688 | D:7      | Found a runed translucent gate.
  5688 | D:7      | Found a runed translucent gate.
  5688 | D:7      | Found a runed translucent gate.
  5719 | D:7      | Reached XP level 10. HP: 81/91 MP: 13/13
  6006 | D:7      | Reached skill level 13 in Axes
  6136 | D:7      | Noticed LLlMATKO's ghost (novice MiBe)
  6174 | D:8      | Noticed a death yak
  6174 | D:8      | Noticed a death yak
  6181 | D:8      | Noticed a death yak
  6182 | D:8      | Reached skill level 10 in Fighting
  6184 | D:8      | Noticed a death yak
  6365 | D:8      | Noticed a death yak
  6365 | D:8      | Noticed a death yak
  6366 | D:8      | Noticed a death yak
  6743 | D:7      | Killed a death yak
  6954 | D:8      | Found a shimmering altar of Xom.
  6974 | D:8      | Found a staircase to the Lair.
  7010 | D:8      | Killed a death yak
  7011 | D:8      | Reached skill level 14 in Axes
  7031 | D:7      | Slain by a death yak

Illustrated notes

Levels and vault maps discovered:
D:1:      elethiomel_arrival_maze, layout_basic, minivault_5,
          serial_park_tiny_pond
D:2:      layout_basic, chequers_serial_rivers_micro_b
D:3:      cheibrodos_pilgrimage, layout_basic, dancing_weapons_uskayaw,
          grunt_ministairs_3, minmay_diced_spiral
D:4:      layout_cave_pods, cheibrodos_sewer_entry_drain, enter_ossuary_2,
          serial_shops, nicolae_shop_crystal, reono_crystal_passage
D:5:      old_forge, layout_rooms, nicolae_overflow_hidden_temple,
          mainiacjoe_overflow_boulevard, kennysheep_mini_moat,
          minmay_temple_entry_poolview, st_stairs_10, uniq_ijyb
D:6:      layout_basic, guppyfry_early_elven_hall, uniq_blork_the_orc
D:7:      layout_basic, ebering_ghost_rock_garden
D:8:      layout_rooms, mainiacjoe_overflow_alcove_2, xom_confusion_cloud,
          dpeg_lair_monsters, hangedman_abyss_or_decor_stagger,
          minmay_microvault

Skill      XL: |  1  2  3  4  5  6  7  8  9 10 |
---------------+-------------------------------+-----
Axes           | 3 5 6 7 8 10 12 14 | 14.0
Fighting       | 4 5 6 8 9 10 | 10.5
Invocations    | 2 3 5 6 7 |  7.6
Armour         | |  3.6
Shields        | |  3.6

Action                     |  1- 3 |  4- 6 |  7- 9 | 10-12 || total
---------------------------+-------+-------+-------+-------++-------
  Melee: War axe           |    99 |   137 |   221 |    91 ||   548
         Headbutt          |    15 |    20 |    41 |    24 ||   100
    Use: Scroll            |       |     5 |     5 |       ||    10
   Stab: Paralysed         |       |     2 |    19 |     7 ||    28
 Armour: Scale mail        |    46 |     5 |       |       ||    51
         Chain mail        |       |    37 |    80 |    27 ||   144
  Dodge: Dodged            |    54 |    75 |   156 |    44 ||   329
  Block: Buckler           |    16 |    27 |    43 |    18 ||   104
